 Dungeon Crawl Stone Soup version 0.31-a0-1405-g2bb1a01664 (webtiles) character file.

Game seed: 14395227394720860178

1596 grandjackal the Digger (level 8, -7/49 (52) HPs)
             Began as a Vampire Earth Elementalist on Dec 25, 2023.
             Mangled by a wight
             ... wielding a +3 dire flail of freezing
              (18 damage)
             ... on level 6 of the Dungeon.
             The game lasted 00:10:46 (5645 turns).

grandjackal the Digger (Vampire Earth Elementalist) Turns: 5645, Time: 00:10:46

HP:   -7/49 (52)    AC:  3    Str:  7    XL:     8   Next: 62%
MP:   6/11          EV: 12    Int: 19    God:
Gold: 321           SH:  0    Dex: 15    Spells: 4/11 levels left

rFire   . . .        w - +3 dagger (drain)
rCold   . . .        (no shield)
rNeg    . . .        a - +0 robe
rPois   +            s - +0 helmet
rElec   .            (no cloak)
rCorr   .            (no gloves)
SInv    +            (no boots)
Will    .....        (no amulet)
Stlth   +++          c - ring of poison resistance
HPRegen 0.48/turn    h - ring of flight
MPRegen 0.12/turn

%: no passive effects
@: flying, very slightly contaminated, healing quickly, drained
A: alive, fangs 3, see invisible, vampiric 2
a: Exsanguinate


You were on level 6 of the Dungeon.
You visited 1 branch of the dungeon, and saw 6 of its levels.
You also visited: Sewer.

You collected 321 gold pieces.

Inventory:

Hand Weapons
 m - a +0 dagger of freezing
 w - a +3 dagger of draining (weapon)
 y - a +2 short sword of protection
Missiles
 u - a throwing net
Armour
 a - a +0 robe (worn)
 r - a +0 buckler
 s - a +0 helmet (worn)
Jewellery
 c - a ring of poison resistance (left hand)
 d - an amulet of guardian spirit
 h - a ring of flight (right hand)
 n - a +6 ring of strength
Wands
 t - a wand of paralysis (15)
Scrolls
 g - 3 scrolls of teleportation
 j - a scroll of immolation {unknown}
 k - a scroll of enchant armour {unknown}
 p - a scroll of fear {unknown}
 v - a scroll of enchant weapon
 x - a scroll of vulnerability {unknown}
 z - a scroll of revelation {unknown}
 C - a scroll of identify
Potions
 b - a potion of magic
 e - 2 potions of ambrosia
 f - a potion of haste {unknown}
 i - 2 potions of degeneration {unknown}
 l - 3 potions of might {unknown}
 o - a potion of curing {unknown}
 q - 2 potions of heal wounds {unknown}
 A - a potion of invisibility {unknown}
 B - a potion of lignification {unknown}


   Skills:
 + Level 6.3 Short Blades
 - Level 2.1 Dodging
 - Level 6.0 Stealth
 - Level 2.0 Spellcasting
 + Level 6.8 Earth Magic
 + Level 6.5 Alchemy


You had 4 spell levels left.
You knew the following spells:

 Your Spells              Type           Power      Damage    Failure   Level
a - Sandblast             Erth           54%        2d13      1%          1
b - Passwall              Alch/Erth      22%        N/A       1%          2
c - Petrify               Alch/Erth      27%        N/A       11%         4

Your spell library contained the following spells:

 Spells                   Type           Power      Damage    Failure   Level
 Stone Arrow              Conj/Erth      28%        3d8       13%         3
 Brom's Barrelling Bould  Conj/Erth      14%        2d4       38%         4


Dungeon Overview and Level Annotations

Branches:
Dungeon (6/15)              Sewer (visited)
 Temple: D:4-7

Altars:
Ashenzari
Okawaru
Trog
Xom

Annotations:
D:3 1 runed translucent door, Sobieck's ghost, amateur VSSh


Innate Abilities, Weirdness & Mutations

Your natural rate of healing is accelerated.
You have razor-sharp teeth.
You have supernaturally acute eyesight. (SInv)
You are afflicted with vampirism and can become a bat while bloodless.


Message History

Casting: Sandblast (safe; 1% risk of failure)
Confirm with . or Enter, or press ? or * to list all spells.
Aiming: Sandblast (safe; 1% risk of failure)
Press: ? - help, Shift-Dir - straight line, f/p - wight
Aim: a wight, wielding a +3 dire flail of freezing and wearing a +0 robe (moderately damaged, 83% to hit)
The blast of sand hits the wight but does no damage.
The wight is moderately damaged.
The wight hits you with a +3 dire flail of freezing!
The wight freezes you.
Casting: Sandblast (safe; 1% risk of failure)
Confirm with . or Enter, or press ? or * to list all spells.
Aiming: Sandblast (safe; 1% risk of failure)
Press: ? - help, Shift-Dir - straight line, f/p - wight
Aim: a wight, wielding a +3 dire flail of freezing and wearing a +0 robe (moderately damaged, 83% to hit)
The blast of sand hits the wight.
The wight is heavily damaged.
The wight barely misses you.
The wight hits you with a +3 dire flail of freezing!!
You feel drained. The wight freezes you!
Casting: Sandblast (safe; 1% risk of failure)
Confirm with . or Enter, or press ? or * to list all spells.
Aiming: Sandblast (safe; 1% risk of failure)
Press: ? - help, Shift-Dir - straight line, f/p - wight
Aim: a wight, wielding a +3 dire flail of freezing and wearing a +0 robe (heavily damaged, 83% to hit)
The blast of sand hits the wight but does no damage.
The wight is heavily damaged.
The wight hits you with a +3 dire flail of freezing.
* * * LOW HITPOINT WARNING * * *
The wight freezes you.
* * * LOW HITPOINT WARNING * * *
Casting: Sandblast (safe; 1% risk of failure)
Confirm with . or Enter, or press ? or * to list all spells.
Aiming: Sandblast (safe; 1% risk of failure)
Press: ? - help, Shift-Dir - straight line, f/p - wight
Aim: a wight, wielding a +3 dire flail of freezing and wearing a +0 robe (heavily damaged, 83% to hit)
The blast of sand hits the wight.
The wight is heavily damaged.
The wight closely misses you.
The wight hits you with a +3 dire flail of freezing!!
You die...

#. #. #.##########
#.#........####
#.................#
#.................### ..
####...................#
...#......................#
...#.#....@z.............#
#.###............).....###
##8...#...................
##.....##........z[........
#8......##.....#.####..####
#........#.....######.>#
#.......########..8#...#
##.....#..######...##..#
#..#............'....#..#


You could see 2 wights.

Vanquished Creatures
  Grinder (D:3)
  Menkaure (D:5)
  A water moccasin (D:6)
  An ogre (D:5)
  A phantom (D:6)
  3 kobold brigands (Sewer)
  A bullfrog (D:4)
  2 scorpions
  A wight (D:6)
  A jelly (D:4)
  A bombardier beetle (D:4)
  A hound (D:5)
  An orc wizard (D:5)
  Ijyb (D:4)
  2 iguanas
  Robin (D:3)
  7 gnolls
  9 adders
  7 river rats (Sewer)
  A worm (D:3)
  A dart slug (D:3)
  10 orcs
  8 bats
  8 endoplasms
  5 giant cockroaches
  21 goblins
  13 hobgoblins
  4 jackals
  17 kobolds
  8 quokkas
  15 ball pythons
  3 frilled lizards
  25 rats
182 creatures vanquished.

Notes
Turn   | Place    | Note
-------+----------+-------------------------------------------
     0 | D:1      | grandjackal the Vampire Earth Elementalist began the quest
                  | for the Orb.
     0 | D:1      | Reached XP level 1. HP: 13/13 MP: 3/3
   187 | D:1      | Reached XP level 2. HP: 18/19 MP: 5/5
   835 | D:1      | Gained mutation: You are afflicted with vampirism and can
                  | become a bat while bloodless. [Vampire growth]
   835 | D:1      | Reached XP level 3. HP: 22/24 MP: 6/6
  1103 | D:2      | Reached skill level 1 in Short Blades
  1106 | D:2      | Learned a level 2 spell: Passwall
  1509 | D:2      | Reached XP level 4. HP: 30/30 MP: 7/7
  1540 | D:2      | Learned a level 4 spell: Petrify
  1862 | D:3      | Found a shimmering altar of Xom.
  2049 | D:3      | Noticed Robin
  2071 | D:3      | Killed Robin
  2083 | D:3      | Noticed Grinder
  2196 | D:3      | Killed Grinder
  2197 | D:3      | Reached skill level 5 in Stealth
  2197 | D:3      | Reached XP level 5. HP: 9/35 MP: 1/8
  2197 | D:3      | Reached XP level 6. HP: 11/41 MP: 1/9
  2346 | D:3      | Found a runed translucent door.
  2353 | D:3      | Noticed Sobieck's ghost (amateur VSSh)
  2787 | D:3      | Found a bloodstained altar of Trog.
  3060 | D:4      | Noticed Ijyb
  3063 | D:4      | Killed Ijyb
  3257 | D:4      | Found a broken altar of Ashenzari.
  3457 | D:4      | Reached XP level 7. HP: 44/46 MP: 5/10
  3539 | D:4      | Reached skill level 5 in Earth Magic
  3560 | D:4      | You are sucked into a shaft and drop 2 floors!
  3623 | D:6      | Found an iron altar of Okawaru.
  3878 | D:6      | Reached skill level 5 in Alchemy
  4021 | D:5      | Entered Level 5 of the Dungeon
  4054 | D:5      | Reached skill level 5 in Short Blades
  4197 | D:5      | Found a glowing drain.
  4217 | Sewer    | Entered a sewer
  4271 | Sewer    | Reached XP level 8. HP: 25/52 MP: 11/11
  4905 | D:5      | Noticed Menkaure
  4911 | D:5      | Killed Menkaure
  5645 | D:6      | Mangled by a wight

Illustrated notes

Levels and vault maps discovered:
D:1:      saegor_arrival_miasma, layout_basic
D:2:      layout_loops_corners, basic_altar, serial_glass, glass_columns_b,
          glass_columns_b, minmay_strange_pillars, feat_on_display,
          due_unseen_surprise, item_on_display_a
D:3:      layout_loops_ring, trog_book, nicolae_overflow_two_pavilions,
          ebering_ghost_reflecting_pool, minivault_4, uniq_grinder, uniq_robin
D:4:      layout_rooms, mainiacjoe_overflow_alcove_4, uniq_ijyb
D:5:      layout_basic, gup_sewer_entry_pipe, uniq_menkaure
D:6:      hellmonk_crumbling_castle, layout_cave_pods,
          grunt_temple_overflow_lords_of_destruction,
          kennysheep_okawaru_gauntlet, nicolae_shop_gadgets, uniq_blork_the_orc

Skill      XL: |  1  2  3  4  5  6  7  8 |
---------------+-------------------------+-----
Alchemy        | 2 3 4 5 6 |  6.5
Stealth        | 4 5 6 |  6.0
Short Blades   | 1 2 3 5 6 |  6.3
Earth Magic    | 4 5 6 |  6.8
Dodging        | |  2.1
Spellcasting   | |  2.0

Action                     |  1- 3 |  4- 6 |  7- 9 || total
---------------------------+-------+-------+-------++-------
  Melee: Dagger            |    89 |   116 |   113 ||   318
         Unarmed           |     8 |       |       ||     8
         Bite              |    12 |    12 |     8 ||    32
         Punch             |     1 |     1 |     2 ||     4
   Cast: Sandblast         |    13 |    43 |    97 ||   153
         Petrify           |       |       |     1 ||     1
    Use: Scroll            |       |     2 |     3 ||     5
   Stab: Sleeping          |    10 |     7 |     7 ||    24
         Distracted        |       |     1 |     2 ||     3
         Petrified         |       |       |     1 ||     1
 Armour: Robe              |    49 |    95 |    91 ||   235
  Dodge: Dodged            |    60 |   100 |   117 ||   277

Table legend: (Time is in decaauts)
 A = Elapsed time spent in this place.
 B = Non-inter-level travel time spent in this place.
 C = Inter-level travel time spent in this place.
 D = Time resting spent in this place.
 E = Time spent auto-exploring this place.
 F = Levels seen in this place.
 G = Mean time per level.
                   A        B        C        D        E       F      G
               +--------+--------+--------+--------+--------+-----+--------+
         Total |   5682 |   5527 |    155 |    923 |   2961 |   7 |  811.7 |
       Dungeon |   5016 |   4861 |    155 |    678 |   2956 |   6 |  836.0 |
         Sewer |    666 |    666 |      0 |    245 |      5 |   1 |  666.0 |
               +--------+--------+--------+--------+--------+-----+--------+

Top non-repeatable levels by time:
     D:3: 1106 daAuts
     D:1: 956 daAuts
     D:2: 890 daAuts
     D:4: 821 daAuts
   Sewer: 666 daAuts
     D:5: 659 daAuts
     D:6: 581 daAuts
